 Dungeon Crawl Stone Soup version 0.27-a0-95-g5a9077b8ae (webtiles) character file.

Game seed: 16947015827676291491

580 Murumi the Conjurer (level 7, -6/67 HPs)
             Began as an Ogre Conjurer on Jan 18, 2021.
             Was a Follower of Okawaru.
             Incinerated by Morbidden's ghost (8 damage)
             ... with a sticky flame
             ... on level 4 of the Dungeon.
             The game lasted 00:18:50 (5674 turns).

Murumi the Conjurer (Ogre Conjurer)                 Turns: 5674, Time: 00:18:51

Health: -6/67      AC:  3    Str: 11 (14) XL:     7   Next: 36%
Magic:  1/11       EV: 11    Int: 18 (19) God:    Okawaru [*.....]
Gold:   496        SH:  0    Dex:  6 (7)  Spells: 9/12 levels left

rFire    . . .     SeeInvis .   r - +0 whip
rCold    . . .     Faith    .   (no shield)
rNeg     . . .     Spirit   .   a - +0 robe
rPois    .         Reflect  .   (helmet restricted)
rElec    .         Harm     .   (no cloak)
rCorr    .         Rampage  .   (gloves unavailable)
Will     .....                  (boots unavailable)
Stlth    ++........             (no amulet)
HPRegen  0.21/turn              f - ring of stealth
MPRegen  0.12/turn              l - ring of wizardry

@: liquid flames, heroism, glowing
A: large, unfitting armour, tough skin 1
a: Renounce Religion, Heroism


You were on level 4 of the Dungeon.
You worshipped Okawaru.
Okawaru was aware of your devotion.
You visited 1 branch of the dungeon, and saw 4 of its levels.
You also visited: Ossuary.

You collected 496 gold pieces.

Inventory:

Hand Weapons
 k - a +0 flail
 r - a +0 whip (weapon)
Missiles
 b - 77 stones (quivered)
 n - 3 large rocks
 o - 5 boomerangs
Armour
 a - a +0 robe (worn)
Jewellery
 f - a ring of stealth (left hand)
 l - a ring of wizardry (right hand)
Wands
 i - a wand of acid (11)
Scrolls
 h - 3 scrolls of teleportation
 j - a scroll of remove curse
 q - a scroll of magic mapping
Potions
 c - a potion of invisibility
 d - a potion of lignification
 g - 2 potions of flight


   Skills:
 - Level 3.0(8.0) Fighting
 + Level 3.3(8.3) Maces & Flails
 - Level 4.0(9.0) Throwing
 - Level 2.0(7.0) Dodging
 - Level 3.0(8.0) Stealth
 - Level 3.0 Spellcasting
 - Level 4.0 Conjurations
 - Level 1.0 Invocations


You had 9 spell levels left.
You knew the following spells:

 Your Spells              Type           Power        Failure   Level
a - Magic Dart            Conj           68%          1%          1
b - Searing Ray           Conj           34%          1%          2

Your spell library contained the following spells:

 Spells                   Type           Power        Failure   Level
 Dazzling Flash           Conj/Hex       18%          9%          3
 Fulminant Prism          Conj/Hex       4%           26%         4
 Iskenderun's Mystic Bla  Conj/Tloc      9%           26%         4


Dungeon Overview and Level Annotations

Branches:
Dungeon (4/15)            Ossuary (visited)
 Temple: D:4-7

Altars:
Fedhas
Okawaru
Wu Jian

Annotations:
D:4 Morbidden's ghost, novice DsFE; Natasha


Innate Abilities, Weirdness & Mutations

You are too large for most types of armour.
You have tough skin. (AC +1)


Message History

Morbidden's ghost hits you.
* * * LOW HITPOINT WARNING * * *
x2 It was a potion of might.
You feel very mighty all of a sudden.
You are covered in liquid flames!
* * * LOW HITPOINT WARNING * * *
Morbidden's ghost wails.
Morbidden's ghost hits you.
* * * LOW HITPOINT WARNING * * *
x2 It was a potion of cancellation.
Your magical effects are unravelling.
You feel magically purged.
You are covered in liquid flames!
* * * LOW HITPOINT WARNING * * *
You feel a little less mighty now.
Your resistance to elements expires.
Morbidden's ghost hits you.
* * * LOW HITPOINT WARNING * * *
x2
Okay, then.
You are covered in liquid flames!
You die...

8..#
#...#.#.##.........#####..#.
8..#
#.###...#####...............
#### #.#
###.......##########).##
######.# #####.### #..##
.......# #.# #.... ########
#.# #######.## # #.#
#.......## # #.# #.####....
# #@# #.# #.### ##### #.#
#.####.# ....# #W# #.##...#
###.### #h# #.##...# ......#
#5# #.##...## ###.#.# #<###
#.##.#..## ......#
####...#####.##.##..#
###.#.#
#...............###.. #.#.#
#.###'''###.###.'.##.


You could see Natasha, Morbidden's ghost and a shadow imp (summoned).

Vanquished Creatures
  A centaur zombie (Ossuary)
  A centaur skeleton (D:3)
  2 human zombies (Ossuary)
  A jelly (D:4)
  An orc priest (D:3)
  An orc wizard (D:3)
  2 iguanas (D:4)
  2 worker ants (D:4)
  5 big kobold zombies (Ossuary)
  3 mummies
  5 adders
  2 oozes
  An adder skeleton (D:4)
  A worm (D:4)
  4 leopard geckos
  5 orcs
  2 ball pythons
  5 giant cockroaches
  A gnoll zombie (Ossuary)
  3 goblins (D:3)
  9 hobgoblins
  4 jackals (D:1)
  4 kobolds
  A quokka (D:3)
  7 bats
  8 frilled lizards
  2 goblin zombies (Ossuary)
  3 hobgoblin zombies
  A leopard gecko skeleton (D:4)
  2 orc zombies
  7 rats
96 creatures vanquished.

Vanquished Creatures (others)
  Natasha (D:4)
1 creature vanquished.

Grand Total: 97 creatures vanquished

Notes
Turn   | Place    | Note
-------+----------+-------------------------------------------
     0 | D:1      | Murumi the Ogre Conjurer began the quest for the Orb.
     0 | D:1      | Reached XP level 1. HP: 16/16 MP: 3/3
   353 | D:1      | Reached XP level 2. HP: 24/24 MP: 1/5
   356 | D:1      | Learned a level 2 spell: Searing Ray
   912 | D:1      | Reached XP level 3. HP: 31/31 MP: 4/7
  1220 | D:2      | Found an iron altar of Okawaru.
  1228 | D:2      | Became a worshipper of Warmaster Okawaru
  1503 | D:2      | You fall into a shaft and drop 2 floors!
  1568 | D:4      | Noticed Morbidden's ghost (novice DsFE)
  1668 | D:4      | Noticed Natasha
  1699 | D:4      | Killed Natasha
  1708 | D:4      | Found a sand-covered staircase.
  1902 | D:4      | Reached skill level 1 in Throwing
  1905 | Ossuary  | Entered an ossuary
  2026 | Ossuary  | Reached skill level 1 in Maces & Flails
  2038 | Ossuary  | Reached skill level 1 in Fighting
  2038 | Ossuary  | Reached XP level 4. HP: 19/41 MP: 2/8
  2473 | Ossuary  | Reached XP level 5. HP: 48/48 MP: 4/9
  2674 | Ossuary  | Reached skill level 1 in Invocations
  2846 | Ossuary  | Reached * piety under Okawaru
  2847 | Ossuary  | Reached XP level 6. HP: 46/57 MP: 1/10
  3523 | D:2      | Found a blossoming altar of Fedhas.
  4549 | D:3      | Found an ornate altar of the Wu Jian Council.
  4908 | D:4      | Found a runed translucent gate.
  4908 | D:4      | Found a runed translucent gate.
  4908 | D:4      | Found a runed translucent gate.
  5118 | D:4      | Reached XP level 7. HP: 67/67 MP: 6/11
  5658 | D:4      | Noticed Natasha
  5673 | D:4      | HP: 3/67 [Morbidden's ghost (1)]
  5674 | D:4      | Incinerated by Morbidden's ghost

Illustrated notes

Levels and vault maps discovered:
D:1:      lemuel_arrival_cross, layout_basic, serial_forest,
          infiniplex_forest_clump_diagonal, infiniplex_forest_straight_3,
          infiniplex_forest_fountain, infiniplex_forest_lined_room_2,
          infiniplex_forest_lined_3_way, infiniplex_forest_clump_cross,
          infiniplex_forest_clump_long, minmay_misc_feat_pillars
D:2:      layout_basic, okawaru_metal_pillars_1_2, fedhas_altar_4
D:3:      layout_basic, marbit_many_paths, grunt_ministairs_3,
          minmay_pentomino_pile
D:4:      layout_loops_ring, gammafunk_ghost_split, nicolae_ossuary_entry_giza,
          small_statue_alley_b, uniq_natasha

Skill      XL: |  1  2  3  4  5  6  7 |
---------------+----------------------+-----
Conjurations   | 4 |  4.0
Spellcasting   | 3 |  3.0
Dodging        | 2 |  2.0
Stealth        | 2 3 |  3.0
Throwing       | 1 2 3 4 |  4.0
Maces & Flails | 1 2 3 |  3.3
Fighting       | 1 2 3 |  3.0
Invocations    | 1 |  1.0

Action                   |  1- 3 |  4- 6 |  7- 9 || total
-------------------------+-------+-------+-------++-------
Melee: Club              |     4 |       |       ||     4
       Mace              |    26 |    47 |       ||    73
       Flail             |       |    12 |       ||    12
       Whip              |       |     9 |    28 ||    37
       Punch             |       |       |     1 ||     1
Throw: Stone             |     1 |    46 |       ||    47
       Large rock        |       |     4 |       ||     4
 Cast: Magic Dart        |    41 |    38 |     2 ||    81
       Searing Ray       |     8 |    22 |     5 ||    35
Invok: Heroism           |       |       |     2 ||     2
  Use: Scroll            |     7 |     4 |       ||    11
       Potion            |     1 |       |     8 ||     9
 Stab: Sleeping          |     3 |     4 |     1 ||     8
Armor: Robe              |     5 |    19 |     5 ||    29
Dodge: Dodged            |    21 |    31 |    11 ||    63

Table legend: (Time is in decaauts)
 A = Elapsed time spent in this place.
 B = Non-inter-level travel time spent in this place.
 C = Inter-level travel time spent in this place.
 D = Time resting spent in this place.
 E = Time spent auto-exploring this place.
 F = Levels seen in this place.
 G = Mean time per level.
                   A        B        C        D        E       F      G
               +--------+--------+--------+--------+--------+-----+--------+
         Total |   5708 |   5461 |    247 |    172 |   4451 |   5 | 1141.6 |
       Dungeon |   4420 |   4173 |    247 |    172 |   3365 |   4 | 1105.0 |
       Ossuary |   1288 |   1288 |      0 |      0 |   1086 |   1 | 1288.0 |
               +--------+--------+--------+--------+--------+-----+--------+

Top non-repeatable levels by time:
     D:3: 1317 daAuts
 Ossuary: 1288 daAuts
     D:4: 1219 daAuts
     D:1: 1141 daAuts
     D:2: 741 daAuts
